Map: Ekspres do Otchłani

Players

Brykiet

  • Race: Zerg Zerg

Anna

  • Race: Zerg Zerg
  • Spawn Location: 0:00

VOD

Have the link to the VOD?

Description

Time

  • Played on: Oct. 8, 2025, 4:52 a.m.
  • Length: 24:39
Show
View Real Time Build Order
Export as new Build Order

Brykiet Zerg 

Build Orders:  

Get SALT Encoding   

  18  0:09  Primal Drone  
  19  0:12  Primal Drone  
  19  0:18  Primal Drone  
  21  0:24  Primal Drone  
  22  0:33  Primal Drone  
  23  0:51  Primal Drone  
  23  0:52  Extractor  
  24  1:11  Primal Warden  
  24  1:13  Primal Drone  
  26  1:27  Primal Drone  
  27  1:30  Extractor  
  27  1:40  Primal Drone  
  28  1:53  Primal Drone  
  29  2:18  Primal Drone  
  30  2:33  Primal Drone  
  31  2:40  Glevig's Den  
  30  2:51  Primal Zergling x2  
  32  3:08  Primal Drone x2  
  20  3:10  Primal Attacks Level 1  
  34  3:27  Primal Drone  
  34  3:29  Primal Zergling  
  36  3:30  Primal Zergling  
  37  3:41  Primal Drone  
  38  4:07  Primal Drone  
  38  4:08  Primal Drone  
  40  4:14  Murvar's Den  
  40  4:18  Primal Drone  
  40  4:37  Primal Hive  
  45  4:46  Primal Wurm  
  46  4:58  Primal Drone  
  47  5:00  Primal Drone  
  48  5:16  Primal Hydralisk x2  
  52  6:22  Primal Drone x4  
  52  6:23  Primal Drone  
  57  6:30  Dakrun's Den  
  56  6:57  Primal Warden  
  57  7:02  Primal Drone x2  
  57  7:03  Primal Wurm  
  57  7:06  Primal Drone x2  
  57  7:07  Primal Drone x3  
  65  7:10  Extractor  
  65  7:58  Primal Drone x2  
  65  7:59  Primal Drone x2  
  69  8:01  Primal Drone x3  
  72  8:23  Primal Drone  
  72  8:25  Extractor  
  73  8:31  Primal Reconstitution  
  73  8:35  Primal Carapace Level 1  
  73  8:38  Primal Attacks Level 2  
  73  8:54  Primal Drone x2  
  75  9:38  Primal Hydralisk x2  
  75  9:39  Primal Hydralisk x3  
  85  9:40  Primal Hydralisk x5  
  95  10:00  Primal Drone x4  
  95  10:01  Shifting Carapace  
  99  10:55  Primal Drone x4  
  103  11:01  Slicing Glave  
  103  11:10  Primal Hydralisk x2  
  103  11:11  Primal Hydralisk x6  
  103  11:12  Primal Hydralisk x2  
  103  11:17  Primal Mutalisk x3  
  103  11:18  Primal Mutalisk x2  
  103  11:19  Primal Mutalisk  
  114  13:39  Primal Mutalisk x3  
  111  13:40  Primal Mutalisk x2  
  111  13:44  Primal Attacks Level 3  
  111  13:45  Primal Carapace Level 2  
  108  16:05  Primal Swarm Host x4  
  108  16:06  Primal Swarm Host  
  108  16:07  Primal Swarm Host  
  125  18:57  Healing Adaptation  
  125  18:59  Primal Carapace Level 3  
  125  19:03  Explosive Spores  
  125  19:05  Dissolving Acid  
  125  19:57  Brutal Charge  
  125  20:03  Primordial Fury  
  125  20:05  Enlarged Parotid Glands  
  125  20:18  Primal Swarm Host x4  
  137  21:05  Concentrated Fire  
  137  23:05  Tenderize  
  137  23:16  Primal Hydralisk x5  
  137  23:17  Primal Hydralisk x5  
Show
View Real Time Build Order
Export as new Build Order

Anna Zerg 

Build Orders:  

Get SALT Encoding   

  12  0:03  Drone  
  13  0:12  Drone  
  14  0:25  Overlord  
  14  0:36  Overlord  
  14  1:00  Drone  
  14  1:01  Drone x3  
  14  1:04  Drone  
  19  1:21  Drone x2  
  19  1:28  Drone  
  22  1:34  Drone  
  23  1:48  Drone  
  24  1:56  Roach Warren  
  23  2:00  Drone  
  23  2:01  Drone  
  23  2:02  Extractor  
  24  2:26  Extractor  
  23  2:32  Evolution Chamber  
  22  2:59  Drone x2  
  24  3:00  Drone x2  
  24  3:06  Drone x2  
  24  3:08  Drone  
  29  3:34  Overlord  
  29  3:35  Overlord x2  
  29  3:52  Hatchery  
  28  4:16  Roach x2  
  28  4:17  Roach x3  
  38  4:24  Drone  
  39  4:38  Lair  
  39  4:41  Glial Reconstitution  
  39  4:45  Drone x2  
  41  5:21  Hatchery  
  41  5:28  Drone  
  41  5:37  Roach x3  
  47  5:44  Extractor  
  46  6:41  Drone  
  46  6:42  Drone x2  
  46  6:45  Drone x2  
  46  6:46  Drone x3  
  46  6:47  Drone x5  
  46  6:48  Drone x4  
  63  7:00  Extractor  
  62  7:55  Queen  
  64  8:25  Queen  
  64  8:28  Infestation Pit  
  63  8:32  Spire, Bloated Bile Ducts  
  63  8:37  Zerg Ground Armor Level 1  
  62  8:41  Drone  
  65  8:53  Overlord x2  
  65  8:54  Overlord x5  
  65  8:55  Queen, Overlord  
  65  8:58  Drone  
  64  9:57  Hatchery  
  63  10:05  Hive  
  63  10:56  Roach  
  63  10:57  Roach x4  
  73  11:00  Overlord x3  
  73  11:01  Overlord x2  
  73  12:42  Swarm Host  
  73  12:43  Swarm Host x15  
  73  12:49  Drone x2  
  123  12:51  Drone  
  123  12:52  Drone  
  123  12:53  Drone x2  
  123  12:56  Overlord  
  123  12:59  Unknown  
  127  13:52  Overseer x3  
  127  14:01  Zerg Ground Armor Level 2  
  127  14:04  Hydriodic Bile  
  127  14:10  Queen x2  
  127  14:11  Queen  
  133  14:40  Queen x3  
  139  15:10  Queen  
  139  15:28  Roach x3  
  139  15:29  Roach x2  
  143  15:44  Drone  
  144  16:26  Swarm Host  
  144  16:27  Swarm Host x11  
  180  17:43  Swarm Host x15  
  180  18:28  Roach  
  180  18:29  Roach x3  
  180  18:46  Ravager  
  180  18:47  Ravager x3  
  184  18:50  Overlord  
  184  18:51  Overlord x15  
  184  19:56  Zerg Ground Armor Level 3  
  184  19:59  Tunneling Claws  
  184  20:09  Swarm Host  
  187  20:10  Swarm Host x4  
  199  20:23  Pressurized Glands  
  199  20:58  Swarm Host x4  
  199  20:59  Swarm Host x23  
  197  22:55  Swarm Host  
Tags
 
Add a new tag
Caveats
  • Supply blocks, unpowered buildings, or Contaminate may cause inaccurate times.
  • Supply counts are checked every 10 seconds.